 Dungeon Crawl Stone Soup version 0.30-a0-462-gd5975efbca (webtiles) character file.

Game seed: 7050840333324647252

2004 snetch the Spear-Bearer (level 9, -2/75 HPs)
             Began as a Hill Orc Fighter on Dec 16, 2022.
             Was a Believer of Beogh.
             Slain by a killer bee (3 damage)
             ... on level 6 of the Dungeon.
             The game lasted 00:15:06 (4846 turns).

snetch the Spear-Bearer (Hill Orc Fighter)          Turns: 4846, Time: 00:15:07

Health: -2/75      AC: 13    Str: 20 (23) XL:     9   Next: 22%
Magic:  0/9        EV:  7    Int: 13 (14) God:    Beogh [**....]
Gold:   154        SH:  4    Dex:  7 (10) Spells: 8/8 levels left

rFire   . . .      SeeInvis .    a - +0 war axe
rCold   + . .      Faith    .    c - +0 buckler
rNeg    . . .      Spirit   +    e - +0 chain mail
rPois   .          Reflect  .    (no helmet)
rElec   .          Harm     .    w - +0 cloak
rCorr   .          Rampage  .    i - +0 pair of gloves
Will    .....                    (no boots)
Stlth   ..........               H - amulet of guardian spirit
HPRegen 0.32/turn                r - ring of protection from cold
MPRegen 0.11/turn                M - +6 ring of intelligence

@: mighty, lethally poisoned (-2 -> -22), attractive, flying
A: no striking features
a: Renounce Religion, Smiting


You were on level 6 of the Dungeon.
You worshipped Beogh.
Beogh was pleased with you.
You visited 2 branches of the dungeon, and saw 8 of its levels.
You also visited: Ossuary.

You collected 334 gold pieces.
You spent 180 gold pieces at shops.

Inventory:

Hand Weapons
 a - a +0 war axe (weapon)
 b - the +9 spear of the Mind {pain, rC++ rCorr Str-2 Int+2}
   (You found it on level 2 of the Dungeon)

   In the hands of one skilled in necromantic magic, it inflicts extra damage on
   living creatures.
   Str:       It affects your strength (-2).
   Int:       It affects your intelligence (+2).
   rC:        It greatly protects you from cold.
   rCorr:     It protects you from acid and corrosion.
 t - a +3 sling
 L - a +1 flail of venom
Missiles
 o - 60 stones
 s - 18 poisoned darts (quivered)
 u - 2 boomerangs
Armour
 c - a +0 buckler (worn)
 e - a +0 chain mail (worn)
 i - a +0 pair of gloves (worn)
 w - a +0 cloak (worn)
 B - a +2 ring mail of fire resistance
 G - a +0 plate armour
 K - the +0 robe of the Contumacious God {rF+ Will+ Str-3 Stlth+}
   (You found it on level 6 of the Dungeon)

   Str:       It affects your strength (-3).
   rF:        It protects you from fire.
   Will:      It increases your willpower.
   Stlth:     It makes you more stealthy.
Jewellery
 r - a ring of protection from cold (left hand)
 H - an amulet of guardian spirit (around neck)
 M - a +6 ring of intelligence (right hand)
 N - a ring of fire
 R - a ring of flight
 T - a ring of ice
Wands
 y - a wand of light (6)
 C - a wand of iceblast (7)
Scrolls
 f - 3 scrolls of fear
 h - 11 scrolls of identify {unknown}
 j - 5 scrolls of amnesia {unknown}
 k - a scroll of magic mapping {unknown}
 l - a scroll of enchant armour {unknown}
 m - 4 scrolls of teleportation
 n - a scroll of immolation {unknown}
 q - 2 scrolls of poison
 v - 3 scrolls of fog
 x - a scroll of noise {unknown}
 A - 3 scrolls of butterflies {unknown}
 F - a scroll of acquirement {unknown}
 I - a scroll of blinking {unknown}
 J - a scroll of torment {unknown}
 V - a scroll of brand weapon {unknown}
Potions
 d - a potion of might
 g - 3 potions of curing {unknown}
 p - 4 potions of flight
 z - 3 potions of attraction
 D - 4 potions of degeneration
 E - 2 potions of ambrosia {unknown}
 O - a potion of heal wounds {unknown}
 P - 2 potions of lignification {unknown}
 Q - a potion of cancellation {unknown}
 S - a potion of invisibility {unknown}
 U - a potion of mutation {unknown}


   Skills:
 + Level 6.0 Fighting
 + Level 4.3(7.6) Axes
 + Level 8.2(8.6) Polearms
 + Level 1.7 Throwing
 + Level 7.3 Armour
 + Level 1.1 Dodging
 + Level 0.2 Stealth
 + Level 5.0 Shields


You had 8 spell levels left.
You didn't know any spells.
Your spell library contained the following spells:

 Spells                   Type           Power      Damage    Failure   Level
 Apportation              Tloc           0%         N/A       97%         1
 Necrotise                Necr           0%         1d4       97%         1
 Summon Small Mammal      Summ           0%         N/A       97%         1
 Blink                    Tloc           0%         N/A       99%         2
 Momentum Strike          Conj/Tloc      0%         3d8       99%         2
 Lesser Beckoning         Tloc           0%         N/A       100%        3


Dungeon Overview and Level Annotations

Branches:
Dungeon (7/15)             Temple (1/1) D:6         Ossuary (visited)

Altars:
Ashenzari
Cheibriados
Dithmenos
Elyvilon
Fedhas
Gozag
Hepliaklqana
Nemelex Xobeh
Qazlal
Ru
Sif Muna
Uskayaw
Vehumet
Wu Jian
Xom
Yredelemnul
The Shining One

Shops:
D:4 ?   D:7 =

Annotations:
D:3 gold behind glass
D:7 1 runed translucent door, treasure behind glass


Message History

The killer bee barely misses you. x3
It was a potion of flight.
You feel very buoyant.
You fly up into the air.
You feel sick. The killer bee barely misses you.
The killer bee closely misses you. You block the killer bee's attack.
The killer bee stings you but does no damage. x3
The killer bee barely misses you. x3
The killer bee stings you but does no damage.
It was a potion of degeneration.
There was something very wrong with that liquid.
You feel weakened.
You feel dopey.
You feel clumsy.
You feel sick. The killer bee closely misses you.
The killer bee stings you but does no damage.
The killer bee stings you.
* * * LOW HITPOINT WARNING * * *
The killer bee stings you but does no damage.
The orc hits you with a +0 mace.
* * * LOW HITPOINT WARNING * * *
The killer bee barely misses you.
The killer bee stings you but does no damage.
The killer bee completely misses you. You block the killer bee's attack.
The killer bee stings you but does no damage. x2
It was a potion of attraction.
You feel attractive to monsters.
* * * LOW HITPOINT WARNING * * *
You feel sick. The killer bee barely misses you.
You block the killer bee's attack. The killer bee closely misses you.
The killer bee barely misses you. The killer bee closely misses you.
You block the killer bee's attack. You block the orc's attack.
The killer bee stings you.
* * * LOW HITPOINT WARNING * * *
You are more poisoned.
The killer bee poisons you!
The killer bee stings you but does no damage.
The killer bee barely misses you. The killer bee stings you.
* * * LOW HITPOINT WARNING * * *
You are more poisoned.
The killer bee poisons you! The killer bee barely misses you.
The killer bee stings you.
You die...

#.. .###..#
.......##
.........
.......######
#.....o....#
##
###...oyyo...#
..
......oy@y...#
##
######yy....#
#.†....#
#.>....#
#......#
########


You could see an orc warrior, 6 killer bees, an orc priest, an orc wizard and an
orc.

Vanquished Creatures
  A wraith (Ossuary)
  Duvessa (D:7)
  A black bear (D:5)
  2 orc warriors
  An ice beast (D:6)
  A sky beast (D:6)
  2 ogres
  A centaur (D:7)
  An elf zombie (Ossuary)
  3 bullfrogs (D:6)
  A kobold brigand (D:7)
  4 scorpions
  Dowan (D:7)
  A hound (D:6)
  A jelly (D:7)
  3 iguanas
  3 orc wizards
  3 mummies (Ossuary)
  2 adders
  3 white imps
  2 ufetubi (D:7)
  An adder zombie (D:3)
  2 worms
  4 dart slugs
  16 orcs
  6 ball pythons
  An endoplasm (D:4)
  3 giant cockroaches
  13 goblins
  8 hobgoblins
  2 jackals (D:1)
  A quokka (D:3)
  A ball python zombie (D:3)
  3 bats
  2 frilled lizards
  2 goblin zombies (Ossuary)
  2 hobgoblin zombies (Ossuary)
  10 kobolds
  4 kobold zombies (Ossuary)
  A quokka zombie (D:3)
  3 rats (D:1)
123 creatures vanquished.

Vanquished Creatures (others)
  An orc wizard (D:7)
1 creature vanquished.

Grand Total: 124 creatures vanquished

Notes
Turn   | Place    | Note
-------+----------+-------------------------------------------
     0 | D:1      | snetch the Hill Orc Fighter began the quest for the Orb.
     0 | D:1      | Reached XP level 1. HP: 19/19 MP: 1/1
    97 | D:1      | Reached XP level 2. HP: 27/27 MP: 2/2
   371 | D:1      | Reached XP level 3. HP: 33/33 MP: 3/3
   937 | D:2      | Identified the +9 spear of the Mind {pain, rC++ rCorr Str-2
                  | Int+2}
  1561 | D:3      | Reached XP level 4. HP: 30/40 MP: 4/4
  1636 | D:3      | Found a white marble altar of Elyvilon.
  1721 | D:4      | Found Saoteix's Magic Scroll Shoppe.
  1739 | D:3      | Found an ornate altar of the Wu Jian Council.
  1759 | D:3      | Reached skill level 1 in Polearms
  1792 | D:3      | Found a basalt altar of Yredelemnul.
  2032 | D:3      | Found a hazy altar of Hepliaklqana.
  2149 | D:4      | Bought a scroll of teleportation for 36 gold pieces
  2149 | D:4      | Bought a scroll of fear for 48 gold pieces
  2149 | D:4      | Bought a scroll of fog for 48 gold pieces
  2149 | D:4      | Bought a scroll of poison for 48 gold pieces
  2208 | D:5      | Entered Level 5 of the Dungeon
  2258 | D:4      | Noticed a scorpion
  2262 | D:4      | Killed a scorpion
  2263 | D:4      | Reached skill level 2 in Polearms
  2263 | D:4      | Reached XP level 5. HP: 46/46 MP: 5/5
  2333 | D:4      | Noticed an ogre
  2337 | D:4      | HP: 2/46 [ogre/+0 giant club (13)]
  2338 | D:4      | Killed an ogre
  2339 | D:4      | Reached skill level 3 in Polearms
  2339 | D:4      | Reached XP level 6. HP: 3/53 MP: 6/6
  3011 | D:5      | Noticed a black bear
  3019 | D:5      | Killed a black bear
  3026 | D:5      | Became a worshipper of Beogh the Brigand
  3027 | D:5      | Noticed an orc warrior
  3040 | D:5      | Killed an orc warrior
  3041 | D:5      | Reached skill level 4 in Polearms
  3041 | D:5      | Reached skill level 5 in Armour
  3041 | D:5      | Reached XP level 7. HP: 49/60 MP: 7/7
  3050 | D:5      | Reached skill level 1 in Throwing
  3537 | D:6      | Reached skill level 5 in Fighting
  3537 | D:6      | Reached skill level 5 in Polearms
  3566 | D:6      | Found a staircase to the Ecumenical Temple.
  3581 | D:6      | Reached XP level 8. HP: 68/68 MP: 8/8
  3588 | D:6      | Reached skill level 6 in Polearms
  3605 | Temple   | Entered the Ecumenical Temple
  3671 | D:6      | Identified the +0 robe of the Contumacious God {rF+ Will+
                  | Str-3 Stlth+}
  3699 | D:6      | Found a radiant altar of Vehumet.
  3855 | D:7      | Reached * piety under Beogh
  3950 | D:7      | Noticed Duvessa
  3950 | D:7      | Noticed Dowan
  3964 | D:7      | Killed Dowan
  3965 | D:7      | Reached skill level 7 in Polearms
  3968 | D:7      | Killed Duvessa
  3987 | D:7      | Found Ahydauqe's Jewellery Emporium.
  4086 | D:7      | Found a runed translucent door.
  4224 | D:7      | Found a sand-covered staircase.
  4231 | Ossuary  | Entered an ossuary
  4231 | Ossuary  | Noticed a wraith
  4231 | Ossuary  | Noticed a wraith
  4231 | Ossuary  | Noticed a wraith
  4306 | Ossuary  | Reached skill level 1 in Dodging
  4306 | Ossuary  | Reached XP level 9. HP: 74/75 MP: 9/9
  4430 | Ossuary  | Reached skill level 8 in Polearms
  4474 | Ossuary  | Reached skill level 5 in Shields
  4698 | D:7      | Reached ** piety under Beogh
  4846 | D:6      | HP: 3/75 [killer bee (1)]
  4846 | D:6      | HP: 1/75 [killer bee (2)]
  4846 | D:6      | Slain by a killer bee

Illustrated notes

Levels and vault maps discovered:
D:1:      nzn_arrival_depleted_hourglass, layout_basic
D:2:      cheibrodos_greedy_goblins, layout_loops_cross
D:3:      layout_basic, lemuel_tele_altar, lemuel_doored_altar,
          mainiacjoe_overflow_small_starburst, nicolae_yredelemnul_corpse_copse,
          minmay_surrounded
D:4:      layout_cave_pools, serial_shops, nicolae_shop_advertising_works
          [nicolae_subvault_shop_adworks]
D:5:      layout_loops_ring
D:6:      layout_rooms, nicolae_vehumet_altar_sigil,
          mainiacjoe_overflow_alcove_2, minmay_temple_entry_antechambers
D:7:      cheibrodos_quashed, layout_basic, enter_ossuary_1,
          minmay_shop_enchanted_jewellery, uniq_joseph, uniq_duvessa,
          uniq_crazy_yiuf_cottage
Temple:   hellmonk_temple_two_chambers

Skill      XL: |  1  2  3  4  5  6  7  8  9 |
---------------+----------------------------+-----
Fighting       | 4 5 6 |  6.0
Axes           | 3 4 |  4.3
Armour         | 4 5 6 7 |  7.3
Polearms       | 2 3 4 5 7 8 |  8.2
Shields        | 4 5 |  5.0
Throwing       | 1 |  1.7
Dodging        | 1 |  1.1
Stealth        | |  0.2

Action                   |  1- 3 |  4- 6 |  7- 9 || total
-------------------------+-------+-------+-------++-------
Melee: War axe           |    51 |       |     1 ||    52
       Spear             |    30 |    69 |   228 ||   327
Throw: Dart              |       |     7 |     3 ||    10
Invok: Convert to Beogh  |       |     1 |       ||     1
  Use: Potion            |       |       |     4 ||     4
Armor: Chain mail        |    56 |    16 |   124 ||   196
Dodge: Dodged            |    25 |    12 |    78 ||   115
Block: Buckler           |    19 |    11 |    52 ||    82

Table legend: (Time is in decaauts)
 A = Elapsed time spent in this place.
 B = Non-inter-level travel time spent in this place.
 C = Inter-level travel time spent in this place.
 D = Time resting spent in this place.
 E = Time spent auto-exploring this place.
 F = Levels seen in this place.
 G = Mean time per level.
                   A        B        C        D        E       F      G
               +--------+--------+--------+--------+--------+-----+--------+
         Total |   4832 |   4597 |    235 |      0 |   2926 |   9 |  536.9 |
       Dungeon |   4367 |   4136 |    231 |      0 |   2578 |   7 |  623.9 |
        Temple |     45 |     41 |      4 |      0 |     38 |   1 |   45.0 |
       Ossuary |    419 |    419 |      0 |      0 |    310 |   1 |  419.0 |
               +--------+--------+--------+--------+--------+-----+--------+

Top non-repeatable levels by time:
     D:1: 826 daAuts
     D:5: 754 daAuts
     D:2: 734 daAuts
     D:4: 623 daAuts
     D:3: 591 daAuts
     D:7: 557 daAuts
 Ossuary: 419 daAuts
     D:6: 279 daAuts
  Temple: 45 daAuts
